 Dungeon Sprint DCSS version 0.27-a0-93-g19769c27d7 (webtiles) character file.

Game seed: 14059811876870426031

818 rocky1 the Fighter (level 7, -25/83 HPs)
             Began as an Ogre Hunter on Jan 17, 2021.
             Was a Believer of Okawaru.
             Killed from afar by a bog body (40 damage)
             ... with a bolt of cold
             ... in the Dungeon (Sprint VII: "The Pits").
             The game lasted 00:05:38 (751 turns).

rocky1 the Fighter (Ogre Hunter)                     Turns: 751, Time: 00:05:38

Health: -25/83     AC: 10    Str: 18    XL:     7   Next: 94%
Magic:  11/11      EV: 12    Int: 12    God:    Okawaru [**....]
Gold:   0          SH:  0    Dex: 10    Spells: 6/6 levels left

rFire    . . .     SeeInvis .   p - +2 flail (protect)
rCold    . . .     Faith    .   (no shield)
rNeg     . . .     Spirit   .   b - +0 robe
rPois    .         Reflect  .   (helmet restricted)
rElec    .         Harm     .   (no cloak)
rCorr    .         Rampage  .   (gloves unavailable)
Will     .....     NoTele   +   (boots unavailable)
Stlth    +.........             (no amulet)
HPRegen  0.23/turn              (no ring)
MPRegen  0.12/turn              (no ring)

@: protection aura, slowed, very slow
A: large, unfitting armour, tough skin 1
a: Renounce Religion, Heroism


You were in the Dungeon.
You worshipped Okawaru.
Okawaru was pleased with you.
You visited 1 branch

Inventory:

Hand Weapons
 p - a +2 flail of protection (weapon)
Missiles
 c - 5 large rocks (quivered)
 d - a throwing net
Armour
 b - a +0 robe (worn)
Scrolls
 j - a scroll of blinking
 m - 3 scrolls of remove curse
 n - 5 scrolls of amnesia
 o - a scroll of summoning
Potions
 e - 6 potions of curing
 f - 6 potions of heal wounds
 g - a potion of haste
 h - 4 potions of magic
 i - 3 potions of berserk rage
 l - 2 potions of invisibility


   Skills:
 + Level 9.1 Fighting
 * Level 7.8 Maces & Flails
 + Level 7.9 Throwing
 + Level 5.5 Armour
 + Level 6.3 Dodging
 - Level 0.6 Stealth
 + Level 5.8 Invocations


You had 6 spell levels left.
You didn't know any spells.
Your spell library was empty.

Dungeon Overview and Level Annotations

Branches:
Dungeon (1/1)

Altars:
Ashenzari
Cheibriados
Dithmenos
Elyvilon
Fedhas
Gozag
Hepliaklqana
Kikubaaqudgha
Makhleb
Nemelex Xobeh
Okawaru
Qazlal
Ru
Sif Muna
Trog
Uskayaw
Vehumet
Wu Jian
Xom
Yredelemnul
Zin
The Shining One
Beogh
Jiyva
Lugonu


Innate Abilities, Weirdness & Mutations

You are too large for most types of armour.
You have tough skin. (AC +1)


Message History

The basilisk is almost dead.
The basilisk bites you!
You sock the basilisk!
You kill the basilisk!
Okawaru is honoured by your kill.
Your Fighting skill increases to level 9!
You thump the bog body!
The bog body is moderately damaged.
The bog body points at you and mumbles some strange words.
You feel yourself slow down.
You sock the bog body!
The bog body is heavily damaged.
The bog body touches you! The bog body freezes you!!
* * * LOW HITPOINT WARNING * * *
You barely miss the bog body.
The bog body is heavily damaged.
The bog body closely misses you.
The bog body gestures at you while chanting.
The bolt of cold hits you!!!
You die...

#.#..#####.##.......#
#.#..'...#†##.......#
#.#..'.†††.##.......#
#.#..########...<...#
#.#..'.)))[##.......#
#)#..#.)))[##.......#
#)###########.......#
#.......#).##########
#.###...#@## ###
#.#.....#n# .r.#
#.#...#.#'#....#
#.....#.#.'....+
#...###.#'#....#
#.......).#....#
########### ####


You could see a bog body.

Vanquished Creatures
  A steam dragon (D)
  A basilisk (D)
  2 floating eyes (D)
  A black bear (D)
  A phantom (D)
  A quasit (D)
  An orc priest (D)
  A gnoll shaman (D)
  An orc wizard (D)
  A gnoll (D)
  An adder (D)
  An ooze (D)
  An adder skeleton (D)
  A leopard gecko (D)
  5 orcs (D)
  A ball python (D)
  A giant cockroach (D)
  6 jackals (D)
  A quokka (D)
  A frilled lizard (D)
30 creatures vanquished.

Notes
Turn   | Place    | Note
-------+----------+-------------------------------------------
     0 | D        | rocky1 the Ogre Hunter began the quest for the Orb.
     0 | D        | Reached XP level 1. HP: 22/22 MP: 1/1
    11 | D        | Noticed a floating eye
    15 | D        | Paralysed by a floating eye for 3 turns
    27 | D        | Paralysed by a floating eye for 2 turns
    32 | D        | Killed a floating eye
    33 | D        | Reached skill level 5 in Fighting
    33 | D        | Reached skill level 5 in Throwing
    33 | D        | Reached XP level 2. HP: 36/36 MP: 2/2
    33 | D        | Reached XP level 3. HP: 44/44 MP: 3/3
    33 | D        | Reached XP level 4. HP: 52/52 MP: 4/4
    50 | D        | Found a bloodstained altar of Trog.
    50 | D        | Found a shimmering blue altar of Sif Muna.
    50 | D        | Found a viscous altar of Jiyva.
    50 | D        | Found a hazy altar of Hepliaklqana.
    50 | D        | Found an opulent altar of Gozag.
    51 | D        | Found a glowing golden altar of the Shining One.
    51 | D        | Found a glowing silver altar of Zin.
    51 | D        | Found a basalt altar of Yredelemnul.
    51 | D        | Found a shimmering altar of Xom.
    51 | D        | Found an ornate altar of the Wu Jian Council.
    51 | D        | Found a sacrificial altar of Ru.
    51 | D        | Found a stormy altar of Qazlal.
    51 | D        | Found an iron altar of Okawaru.
    51 | D        | Found a sparkling altar of Nemelex Xobeh.
    51 | D        | Found a burning altar of Makhleb.
    51 | D        | Found a blossoming altar of Fedhas.
    51 | D        | Found a white marble altar of Elyvilon.
    51 | D        | Found a shadowy altar of Dithmenos.
    51 | D        | Found a snail-covered altar of Cheibriados.
    53 | D        | Found a radiant altar of Vehumet.
    53 | D        | Found a corrupted altar of Lugonu.
    53 | D        | Found a roughly hewn altar of Beogh.
    54 | D        | Found a hide-covered altar of Uskayaw.
    54 | D        | Found an ancient bone altar of Kikubaaqudgha.
    54 | D        | Found a broken altar of Ashenzari.
    59 | D        | Became a worshipper of Warmaster Okawaru
    73 | D        | Noticed a floating eye
    78 | D        | Paralysed by a floating eye for 2 turns
    84 | D        | Killed a floating eye
    85 | D        | Reached skill level 6 in Fighting
    85 | D        | Reached XP level 5. HP: 44/61 MP: 4/6
   353 | D        | Reached skill level 5 in Maces & Flails
   361 | D        | Reached skill level 7 in Fighting
   361 | D        | Reached XP level 6. HP: 67/71 MP: 8/8
   428 | D        | Noticed a black bear
   451 | D        | Reached * piety under Okawaru
   461 | D        | Killed a black bear
   462 | D        | Reached skill level 5 in Dodging
   474 | D        | Reached skill level 8 in Fighting
   646 | D        | Reached XP level 7. HP: 70/80 MP: 10/10
   690 | D        | Noticed a steam dragon
   695 | D        | Killed a steam dragon
   696 | D        | Reached skill level 5 in Armour
   696 | D        | Reached skill level 5 in Invocations
   730 | D        | Noticed a bog body
   730 | D        | Noticed a basilisk
   748 | D        | Killed a basilisk
   748 | D        | Reached ** piety under Okawaru
   749 | D        | Reached skill level 9 in Fighting
   751 | D        | Killed from afar by a bog body

Illustrated notes

Levels and vault maps discovered:
D:        pitsprint [storerooms_1, entrance_room_1, metal_vault_1, armoury_2,
          mini_pit_1, grid_room_1, main_hall_1, silver_pit, the_coven_1,
          the_vestibule_1, steel_vault_1, golden_pit, hallway_of_sentries,
          crystal_vault_2, iron_vault_1, final_vault]

Skill      XL: |  1  2  3  4  5  6  7 |
---------------+----------------------+-----
Fighting       | 5 6 7 8 9 |  9.1
Maces & Flails | 3 4 5 6 7 |  7.8
Throwing       | 5 6 7 |  7.9
Armour         | 3 4 5 |  5.5
Dodging        | 4 5 6 |  6.3
Invocations    | 2 4 5 |  5.8
Stealth        | |  0.6

Action                   |  1- 3 |  4- 6 |  7- 9 || total
-------------------------+-------+-------+-------++-------
Melee: Mace              |     2 |    29 |       ||    31
       Flail             |       |    48 |    29 ||    77
Throw: Large rock        |       |     8 |       ||     8
       Throwing net      |       |     1 |       ||     1
Invok: Heroism           |       |       |     1 ||     1
Armor: Robe              |       |    64 |     6 ||    70
Dodge: Dodged            |       |    71 |    12 ||    83

Table legend: (Time is in decaauts)
 A = Elapsed time spent in this place.
 B = Non-inter-level travel time spent in this place.
 C = Inter-level travel time spent in this place.
 D = Time resting spent in this place.
 E = Time spent auto-exploring this place.
 F = Levels seen in this place.
 G = Mean time per level.
                   A        B        C        D        E       F      G
               +--------+--------+--------+--------+--------+-----+--------+
         Total |    765 |    765 |      0 |    384 |      0 |   1 |  765.0 |
       Dungeon |    765 |    765 |      0 |    384 |      0 |   1 |  765.0 |
               +--------+--------+--------+--------+--------+-----+--------+

Top non-repeatable levels by time:
       D: 765 daAuts
